 Dungeon Crawl Stone Soup version 0.30.1-3-gfc49f6343a (webtiles) character file.

Game seed: 3190297052909736955

89 zeram the Shooter (level 4, -8/22 HPs)
             Began as a Spriggan Hunter on July 28, 2023.
             Killed by divine providence
             ... invoked by an orc priest
              (10 damage)
             ... on level 2 of the Dungeon.
             The game lasted 00:02:11 (1361 turns).

zeram the Shooter (Spriggan Hunter)                 Turns: 1361, Time: 00:02:11

Health: -8/22      AC:  2    Str:  7    XL:     4   Next: 31%
Magic:  5/5        EV: 18    Int: 10    God:
Gold:   155        SH:  0    Dex: 20    Spells: 3/3 levels left

rFire   . . .        o - +4 sling (flame)
rCold   . . .        (no shield)
rNeg    . . .        c - +0 robe
rPois   .            (helmet restricted)
rElec   .            (no cloak)
rCorr   .            (gloves unavailable)
SInv    +            (boots unavailable)
Will    .....        (no amulet)
Stlth   ++           (no ring)
HPRegen 0.23/turn    (no ring)
MPRegen 0.09/turn

%: no passive effects
@: very quick
A: very small, no large weapons, unfitting armour, see invisible, speed 3
a: no special abilities


You were on level 2 of the Dungeon.
You visited 1 branch of the dungeon, and saw 3 of its levels.

You collected 155 gold pieces.

Inventory:

Hand Weapons
 a - a +0 shortbow
 o - a +4 sling of flaming (weapon)
Armour
 c - a +0 robe (worn)
Jewellery
 f - an amulet of magic regeneration
 q - a ring of wizardry
 r - a ring of ice
 s - a ring of protection from fire
Scrolls
 b - a scroll of immolation
 d - a scroll of silence {unknown}
 e - a scroll of vulnerability {unknown}
 g - a scroll of fear {unknown}
 m - 6 scrolls of identify {unknown}
 n - a scroll of magic mapping {unknown}
 p - 2 scrolls of teleportation {unknown}
Potions
 h - a potion of flight {unknown}
 i - 4 potions of curing {unknown}
 j - 2 potions of brilliance {unknown}
 k - a potion of attraction {unknown}
 l - 2 potions of resistance {unknown}
 t - a potion of invisibility {unknown}


   Skills:
 - Level 1.5 Fighting
 + Level 5.8 Ranged Weapons
 + Level 2.9 Dodging
 - Level 1.5 Stealth


You had 3 spell levels left.
You didn't know any spells.
Your spell library contained the following spells:

 Spells                   Type           Power      Damage    Failure   Level
 Scorch                   Fire           0%         2d5       50%         2
 Flame Wave               Conj/Fire      0%         2d4       98%         4
 Summon Cactus Giant      Summ           0%         N/A       100%        6


Dungeon Overview and Level Annotations

Branches:
Dungeon (3/15)

Altars:
Cheibriados


Innate Abilities, Weirdness & Mutations

You are very small and have problems with some larger weapons.
You are too small for most types of armour.
You have supernaturally acute eyesight. (SInv)
You cover ground extremely quickly. (Speed+++)


Message History

You shoot a sling bullet.
The sling bullet closely misses the orc wizard.
The orc wizard gestures wildly while chanting.
The orc wizard flickers and vanishes for a moment.
You shoot a sling bullet. The sling bullet hits the orc wizard!
The sling bullet burns the orc wizard.
You kill the orc wizard!
You have reached level 4!
No target in view!
No target in view!
No target in view!
No target in view!
No target in view!
Unknown command.
Unknown command.
You start waiting.
Done waiting.
Done exploring.
Done exploring.
Done exploring.
Done exploring.
You climb downwards.
The orc hits you with a +0 club. x2
The orc priest hits you with a +0 club.
There is a stone staircase leading up, spattered with blood here.
The orc completely misses you.
The orc priest calls down the wrath of Beogh upon you.
Pain shoots through your body!
* * * LOW HITPOINT WARNING * * *
You climb upwards.
There is a stone staircase leading down here.
The orc hits you with a +0 club.
* * * LOW HITPOINT WARNING * * *
Things that are here:
a +0 robe; a +0 dagger
There is a stone staircase leading up here.
Okay, then.
Okay, then.
The orc priest calls down the wrath of Beogh upon you.
Beogh smites you!
You die...

...........#.......#
....##.....#.......#
.....##....#.......#
......#....#.......#
......###..........#
......# ###.###.######
......# #..........#
......#######........#
................@....#
.....................#
....##########..o<...#
##### #.......#
#...o...# #..)>...#
#.......# #########


You could see an orc priest and an orc.

Vanquished Creatures
  An orc wizard (D:2)
  An adder (D:2)
  2 dart slugs (D:1)
  2 orcs (D:2)
  5 endoplasms
  4 giant cockroaches
  4 goblins (D:1)
  3 hobgoblins
  9 jackals
  2 quokkas (D:1)
  3 ball pythons
  A frilled lizard (D:1)
  5 kobolds
  A rat (D:1)
43 creatures vanquished.

Notes
Turn   | Place    | Note
-------+----------+-------------------------------------------
     0 | D:1      | zeram the Spriggan Hunter began the quest for the Orb.
     0 | D:1      | Reached XP level 1. HP: 10/10 MP: 2/2
    98 | D:1      | Reached XP level 2. HP: 12/14 MP: 3/3
   232 | D:1      | Reached XP level 3. HP: 18/18 MP: 4/4
   434 | D:1      | Reached skill level 5 in Ranged Weapons
   823 | D:2      | Identified the +2 pair of gloves of Lachrymose Fun {rElec
                  | rPois SInv}
   843 | D:2      | Found a faded altar of an unknown god.
   864 | D:2      | Found a snail-covered altar of Cheibriados.
  1253 | D:2      | Reached XP level 4. HP: 22/22 MP: 5/5
  1357 | D:2      | HP: 1/22 [orc/+0 club (3)]
  1361 | D:2      | Killed from afar by an orc priest

Illustrated notes

Levels and vault maps discovered:
D:1:      dpeg_arrival_arbitrary_b, layout_basic
D:2:      layout_rooms, basic_altar, basic_ecumenical_altar,
          roderic_nine_men_s_morris
D:3:      layout_basic, lemuel_zombie_altar_yredelemnul, trog_wizard,
          serial_bayou_pond_d, nicolae_shop_unique_rings

Skill      XL: |  1  2  3 |
---------------+----------+-----
Ranged Weapons | 5 |  5.8
Fighting       | |  1.5
Dodging        | |  2.9
Stealth        | |  1.5

Action                     |  1- 3 |  4- 6 || total
---------------------------+-------+-------++-------
   Fire: Shortbow          |    67 |       ||    67
         Sling             |    35 |       ||    35
 Armour: Robe              |     5 |       ||     5
  Dodge: Dodged            |    59 |     1 ||    60
